 Dungeon Crawl Stone Soup version 0.31-a0-435-g2c6fae2916 (webtiles) character file.

Game seed: 16148728317344646798

829 Ethylacetat the Ruffian (level 7, -1/49 HPs)
             Began as an Octopode Shapeshifter on Aug 1, 2023.
             Was an Initiate of Gozag.
             Slain by an orc
             ... wielding a +0 trident
              (7 damage)
             ... on level 6 of the Dungeon.
             The game lasted 00:12:11 (4028 turns).

Ethylacetat the Ruffian (Octopode Shapeshifter)     Turns: 4028, Time: 00:12:15

Health: -1/49      AC:  8    Str: 12 (15) XL:     7   Next: 97%
Magic:  16/16      EV: 14    Int:  8 (10) God:    Gozag
Gold:   516        SH:  0    Dex: 12 (14) Spells: 6/6 levels left

rFire   + . .        p - +1 dagger (protect)
rCold   + . .        (no shield)
rNeg    . . .        (helmet currently unavailable)
rPois   +            r - amulet "Suhoab" {RegenMP Fly}
rElec   +            g - ring of see invisible
rCorr   +            h - ring of magical power
SInv    +            o - ring of poison resistance
Will    .....        (no ring)
Stlth   ++           (no ring)
HPRegen 0.28/turn    (no ring)
MPRegen 0.55/turn    (no ring)
                     (no ring)

%: no passive effects
@: beast-form, resistant, under a protective aura, flying
A: beast (slay +3), almost no armour, amphibious, 8 rings, camouflage 1,
gelatinous body 1, (nimble swimmer 1), tentacles
a: Begin Untransformation, Renounce Religion, Potion Petition, Call Merchant,
Bribe Branch


You were on level 6 of the Dungeon.
You worshipped Gozag.
Gozag was pleased with you.
You were a hulking beast.
You visited 2 branches of the dungeon, and saw 7 of its levels.

You collected 596 gold pieces.
You paid 80 gold pieces to Gozag.

Inventory:

Hand Weapons
 p - a +1 dagger of protection (weapon)
Missiles
 u - a throwing net
Jewellery
 g - a ring of see invisible (left tentacle)
 h - a ring of magical power (right tentacle)
 o - a ring of poison resistance (on tentacle)
 r - the amulet "Suhoab" (around mantle) {RegenMP Fly}
   (You found it on level 3 of the Dungeon)

   [amulet of magic regeneration]

   It increases your rate of magic regeneration.
   Fly:       It grants you flight.
Talismans
 b - a beast talisman (active)
 f - a talisman of death
Scrolls
 c - a scroll of enchant weapon {unknown}
 d - 3 scrolls of vulnerability {unknown}
 i - 3 scrolls of identify {unknown}
 k - 2 scrolls of blinking {unknown}
 n - a scroll of immolation {unknown}
 q - a scroll of torment {unknown}
 s - 5 scrolls of teleportation {unknown}
 t - a scroll of fog {unknown}
 w - 3 scrolls of enchant armour {unknown}
 y - a scroll of revelation {unknown}
 A - a scroll of fear {unknown}
Potions
 a - 2 potions of lignification
 l - 5 potions of curing
 z - a potion of attraction {unknown}


   Skills:
 + Level 4.3 Fighting
 - Level 4.4 Dodging
 + Level 5.2 Unarmed Combat
 * Level 4.8 Shapeshifting


You had 6 spell levels left.
You didn't know any spells.
Your spell library was empty.

Dungeon Overview and Level Annotations

Branches:
Dungeon (6/15)             Temple (1/1) D:4

Altars:
Ashenzari
Cheibriados
Dithmenos
Elyvilon
Fedhas
Gozag
Hepliaklqana
Makhleb
Nemelex Xobeh
Okawaru
Ru
Trog
Uskayaw
Vehumet
Wu Jian
Xom
Yredelemnul
Zin
The Shining One

Shops:
D:2 :

Annotations:
D:6 Menkaure


Innate Abilities, Weirdness & Mutations

You are a hulking beast.
Your limbs bulge with bestial killing power. (Slay +3)
You cannot wear most types of armour.
You are amphibious.
You can wear up to eight rings at the same time.
Your skin changes colour to match your surroundings (Stealth+).
Your rubbery body absorbs attacks. (AC +1, EV +1)
((You are camouflaged when in or above water. (Stealth+)))
You have tentacles for arms and can constrict up to eight enemies at once.


Message History

The scorpion stings you but does no damage.
Menkaure hits you but does no damage. The orc hits you with a +0 trident.
The shadow imp barely misses you.
It was a potion of enlightenment.
Your roots keep you in place.
You feel less wooden.
You turn into a hulking beast.
The scorpion stings you.
You are poisoned.
The scorpion poisons you! Menkaure completely misses you. The orc misses you.
The shadow imp barely misses you. The scorpion closely misses you.
Unknown command.
You feel better.
Menkaure calls on the powers of darkness!
The orc convulses!
The scorpion convulses!
Your body is wracked with pain!
* * * LOW HITPOINT WARNING * * *
The scorpion stings you.
* * * LOW HITPOINT WARNING * * *
The orc barely misses you. The shadow imp hits you.
* * * LOW HITPOINT WARNING * * *
You hit Menkaure.
Your weapon exudes an aura of protection.
You grab Menkaure.
Menkaure is heavily damaged.
You constrict Menkaure. Menkaure hits you but does no damage.
The scorpion barely misses you. The orc completely misses you.
The shadow imp hits you but does no damage.
You hit Menkaure.
Menkaure is almost destroyed.
Your enlightenment fades.
You constrict Menkaure, but do no damage.
Menkaure closely misses you.
The scorpion stings you but does no damage.
The orc barely misses you. The shadow imp barely misses you.
Menkaure barely misses you.
You release your grip on Menkaure.
Menkaure calls on the powers of darkness!
The orc convulses!
The scorpion convulses!
Your body is wracked with pain!
* * * LOW HITPOINT WARNING * * *
The orc hits you from afar with a +0 trident!
You die...
Your body crumbles into a pile of gold.

####.#### .. #...††..#
... # #.......#....
.##..†....#.. ####
......_..... ....
#.....††# #### $
#.[..Mo.############# #.
#..s5†..#............
#..#####h#########......#
#....###..# ##)###.#
#....#.# #.#.#.# ####...#
##.#.#.# ##..# #....#.#
#..# #....#.. #..#
#....### ##.#####
####.### #.....# #.)..


You could see Menkaure (fast), a scorpion, a shadow imp and an orc.

Vanquished Creatures
  An ice beast (D:5)
  2 ogres (D:5)
  A centaur (D:6)
  A bullfrog (D:4)
  2 scorpions
  A hound (D:5)
  An iguana (D:5)
  2 orc wizards (D:5)
  3 gnolls (D:4)
  8 adders
  An ufetubus (D:5)
  3 worms
  A dart slug (D:1)
  8 orcs
  7 endoplasms
  5 giant cockroaches
  9 goblins
  12 hobgoblins
  4 quokkas
  5 ball pythons
  7 bats
  2 frilled lizards (D:1)
  8 kobolds
  2 rats
96 creatures vanquished.

Notes
Turn   | Place    | Note
-------+----------+-------------------------------------------
     0 | D:1      | Ethylacetat the Octopode Shapeshifter began the quest for
                  | the Orb.
     0 | D:1      | Reached XP level 1. HP: 13/13 MP: 1/1
    90 | D:1      | Reached XP level 2. HP: 16/18 MP: 2/2
   598 | D:1      | Reached XP level 3. HP: 23/23 MP: 3/3
  1260 | D:2      | Found Beleen's Vocational Training.
  1269 | D:2      | Reached XP level 4. HP: 29/29 MP: 4/4
  1463 | D:3      | Identified the +3 leather armour of Indemnity {Regen+}
  1522 | D:3      | Identified the amulet "Suhoab" {RegenMP Fly}
  1830 | D:4      | Reached XP level 5. HP: 31/35 MP: 5/5
  1908 | D:4      | Found a staircase to the Ecumenical Temple.
  1918 | Temple   | Entered the Ecumenical Temple
  1939 | Temple   | Became a worshipper of Gozag Ym Sagoz the Greedy
  1988 | D:4      | Found a burning altar of Makhleb.
  1996 | D:4      | Reached skill level 4 in Unarmed Combat
  2170 | D:4      | Reached XP level 6. HP: 41/41 MP: 6/6
  2589 | D:5      | Entered Level 5 of the Dungeon
  2767 | D:5      | Reached XP level 7. HP: 35/46 MP: 7/7
  3157 | D:5      | Reached skill level 5 in Unarmed Combat
  3799 | D:6      | HP: 2/48 [centaur (4)]
  4004 | D:6      | Found a hide-covered altar of Uskayaw.
  4004 | D:6      | Noticed Menkaure
  4028 | D:6      | Slain by an orc

Illustrated notes

Levels and vault maps discovered:
D:1:      eino_arrival_cavern_b, layout_loops_corners, minmay_vboxes
D:2:      layout_rooms, nicolae_shop_vocational
D:3:      layout_rooms
D:4:      layout_basic, mainiacjoe_overflow_tiny_flanked,
          minmay_temple_entry_overgrown
D:5:      layout_basic
D:6:      layout_basic, nicolae_uskayaw_murder_on_the_dancefloor, serial_glass,
          glass_columns_b, glass_columns_b, minmay_between, uniq_eustachio,
          uniq_menkaure, uniq_blork_the_orc
Temple:   minmay_temple_bridge_d

Skill      XL: |  1  2  3  4  5  6  7 |
---------------+----------------------+-----
Fighting       | 2 3 4 |  4.3
Dodging        | 3 4 |  4.4
Unarmed Combat | 4 5 |  5.2
Shapeshifting  | 4 |  4.8

Action                     |  1- 3 |  4- 6 |  7- 9 || total
---------------------------+-------+-------+-------++-------
  Melee: Unarmed           |    64 |     8 |       ||    72
         Constrict         |    17 |    27 |     7 ||    51
         Tentacles         |     9 |    22 |    10 ||    41
         Punch             |     1 |       |     7 ||     8
         Dagger            |       |    86 |    40 ||   126
    Use: Potion            |       |       |    11 ||    11
   Stab: Sleeping          |     9 |     7 |     2 ||    18
 Armour: Skin              |     6 |    18 |    60 ||    84
  Dodge: Dodged            |    38 |    37 |    42 ||   117

Table legend: (Time is in decaauts)
 A = Elapsed time spent in this place.
 B = Non-inter-level travel time spent in this place.
 C = Inter-level travel time spent in this place.
 D = Time resting spent in this place.
 E = Time spent auto-exploring this place.
 F = Levels seen in this place.
 G = Mean time per level.
                   A        B        C        D        E       F      G
               +--------+--------+--------+--------+--------+-----+--------+
         Total |   4020 |   3870 |    150 |    129 |   3039 |   7 |  574.3 |
       Dungeon |   3977 |   3865 |    112 |    129 |   3039 |   6 |  662.8 |
        Temple |     42 |      4 |     38 |      0 |      0 |   1 |   42.0 |
               +--------+--------+--------+--------+--------+-----+--------+

Top non-repeatable levels by time:
     D:5: 1044 daAuts
     D:1: 1028 daAuts
     D:4: 731 daAuts
     D:3: 470 daAuts
     D:6: 393 daAuts
     D:2: 309 daAuts
  Temple: 42 daAuts
